 Dungeon Crawl Stone Soup version 0.29.1-12-g30fa7ad0bf (webtiles) character file.

Game seed: 1848633632950517945

20475 croobank the Cleaver (level 12, -10/110 HPs)
             Began as a Minotaur Fighter on Dec 23, 2022.
             Was an Elder of Qazlal.
             Mangled by Gastronok (21 damage)
             ... on level 1 of the Lair of Beasts on Dec 24, 2022.
             The game lasted 00:40:49 (15751 turns).

croobank the Cleaver (Minotaur Fighter)            Turns: 15751, Time: 00:40:50

Health: -10/110    AC: 16    Str: 30    XL:     12   Next: 45%
Magic:  17/17      EV:  9    Int:  5    God:    Qazlal [****..]
Gold:   822        SH: 12    Dex: 12    Spells: 11/11 levels left

rFire   . . .      SeeInvis .   U - +1 scimitar (flame)
rCold   . . .      Faith    +   c - +0 buckler
rNeg    + . .      Spirit   .   W - +0 pearl dragon scales
rPois   .          Reflect  .   (helmet restricted)
rElec   .          Harm     .   (no cloak)
rCorr   .          Rampage  .   j - +0 pair of gloves
Will    .....                   (no boots)
Stlth   ..........              B - amulet of faith
HPRegen 0.28/turn               o - ring of willpower
MPRegen 0.15/turn               n - +6 ring of strength

@: weak-willed, slowed, repel missiles, very slow
A: horns 2, retaliatory headbutt
a: Renounce Religion, Upheaval, Elemental Force


You were on level 1 of the Lair of Beasts.
You worshipped Qazlal.
Qazlal was greatly pleased with you.
You visited 3 branches of the dungeon, and saw 15 of its levels.

You collected 887 gold pieces.
You spent 65 gold pieces at shops.

Inventory:

Hand Weapons
 a - a +1 war axe
 b - a +3 great mace
 d - a +0 glaive of draining
 t - a +0 whip of venom
 x - a -1 executioner's axe
 P - a +2 dagger of flaming
 U - a +1 scimitar of flaming (weapon)
Missiles
 f - 50 poisoned darts
 g - 7 javelins
 T - 2 curare-tipped darts (quivered)
 X - 3 datura-tipped darts
Armour
 c - a +0 buckler (worn)
 j - a +0 pair of gloves (worn)
 p - a +0 scale mail
 S - a +1 leather armour of positive energy
 W - +0 pearl dragon scales (worn)
 Y - a +0 troll leather armour
Jewellery
 e - the ring of Tohuu {rN+ EV+4}
   (You found it on level 6 of the Dungeon)

   [ring of evasion]

   EV:        It affects your evasion (+4).
   rN:        It protects you from negative energy.
 h - a ring of wizardry
 n - a +6 ring of strength (right hand)
 o - a ring of willpower (left hand)
 B - an amulet of faith (around neck)
 C - a ring of protection from fire
 M - a ring of flight
 Z - a ring of ice
Wands
 y - a wand of polymorph (8)
 F - a wand of flame (24)
 K - a wand of light (19)
Scrolls
 k - 2 scrolls of vulnerability
 s - 5 scrolls of teleportation
 v - a scroll of immolation
 E - a scroll of fog
 H - 3 scrolls of amnesia
 I - a scroll of enchant weapon
 J - 3 scrolls of poison
 L - 3 scrolls of identify
Potions
 i - 2 potions of brilliance
 l - 3 potions of mutation
 m - a potion of flight
 q - 4 potions of curing
 r - a potion of magic
 u - a potion of invisibility
 z - 3 potions of attraction
 A - 2 potions of lignification
 D - 2 potions of haste
 G - 2 potions of berserk rage
 N - a potion of might
 Q - a potion of ambrosia
 R - a potion of resistance


   Skills:
 + Level 11.4 Fighting
 * Level 13.3 Axes
 + Level 11.4 Armour
 + Level 11.4 Shields
 + Level 8.7 Invocations


You had 11 spell levels left.
You didn't know any spells.
Your spell library contained the following spells:

 Spells                   Type           Power      Damage    Failure   Level
 Poisonous Vapours        Pois/Air       0%         N/A       89%         2
 Portal Projectile        Hex/Tloc       0%         N/A       98%         3
 Enfeeble                 Hex            0%         N/A       100%        7
 Maxwell's Capacitive Co  Air            0%         ∞         100%        8


Dungeon Overview and Level Annotations

Branches:
Dungeon (13/15)            Temple (1/1) D:5            Lair (1/5) D:8
    Orc (0/2) D:10
 Vaults: D:13-14

Altars:
Cheibriados
Fedhas
Kikubaaqudgha
Makhleb
Qazlal
Ru
Sif Muna
Vehumet
Wu Jian
Yredelemnul
The Shining One

Shops:
D:7 *

Annotations:
D:4 1 runed translucent door, Crazy Yiuf
D:8 1 runed translucent door, Timisetechie's ghost, novice HOFi
Lair:1 Gastronok


Innate Abilities, Weirdness & Mutations

You have a pair of horns on your head.
You reflexively headbutt those who attack you in melee.


Message History

Gastronok looks at you while chanting.
You feel yourself slow down.
You slash Gastronok! You burn Gastronok.
Gastronok is moderately wounded.
Gastronok chants a spell, wobbling all the while.
Gastronok waves his eye-stalks in wide circles.
The air twists around and strikes you!!
You slash Gastronok! You burn Gastronok.
Gastronok is heavily wounded.
The bat hits you but does no damage. You block the bat's attack.
Gastronok bites you!
* * * LOW HITPOINT WARNING * * *
Aiming: Bolt of Light
Press: ? - help, Shift-Dir - straight line, f/p - Gastronok
Aim: Gastronok, wearing a +0 hat of see invisible (heavily wounded, covering ground quickly, weak-willed, 100% to hit)
The bolt of light hits Gastronok!
Gastronok is heavily wounded.
Gastronok is blinded.
You block the bat's attack.
The bat hits you but does no damage. x2; You block the bat's attack.
Aiming: Fastroot
Press: ? - help, Shift-Dir - straight line, f/p - Gastronok
Aim: Gastronok, wearing a +0 hat of see invisible (heavily wounded, covering ground quickly, blind, weak-willed)
The roots erupt in riotous growth!
Roots grab Gastronok.
Roots grab the bat.
Roots grab the river rat.
The now-empty wand crumbles to dust.
The grasping roots constrict Gastronok!
The grasping roots constrict the bat!
You kill the bat!
The bat's corpse disappears in a puff of smoke!
The grasping roots constrict the river rat!
The roots release their grip on the river rat.
Gastronok waves his eye-stalks in wide circles.
The air twists around and strikes you!!
* * * LOW HITPOINT WARNING * * *
You block the river rat's attack.
Okay, then.
You feel better.
The grasping roots constrict Gastronok.
Gastronok is no longer blind.
The roots release their grip on Gastronok.
You block the river rat's attack. Gastronok bites you!!
You die...

.................###...##........
....#####..................P....#
....# ####...............#....#
....# #....................#
....# #...............#....#
....# #.....................
....# #..§.§○.........#..[.#
....# ##...○...........##..##
....# #P...§@..........P##.#
....# ##...rw.☼........## .#
....## #................# #
.....# #...............## ....##
#................# ....#
#................... ....#
#................... >...#
#<..............#.##. .####
###.###.###########


You could see Gastronok (swift, weak-willed) and a river rat (summoned).

Vanquished Creatures
  3 hydras
  2 two-headed ogres
  Erica (D:9)
  2 tengu warriors (D:13)
  A cyclops (D:13)
  4 gargoyles
  A black mamba (Lair:1)
  A torpor snail (Lair:1)
  Maggie (D:6)
  Psyche (D:9)
  An unseen horror (D:10)
  A cane toad (Lair:1)
  A komodo dragon (Lair:1)
  6 trolls
  A meliai (D:12)
  Prince Ribbit (D:6)
  Grinder (D:4)
  3 wraiths
  A vampire (D:12)
  A basilisk (Lair:1)
  25 yaks
  A steam dragon (D:6)
  Menkaure (D:4)
  9 vampire mosquitoes
  3 wargs (D:10)
  An acid dragon (D:13)
  2 orc warriors
  2 water moccasins
  An ice beast (D:5)
  3 black bears
  4 ogres
  2 centaurs
  3 phantoms
  4 kobold brigands
  6 bullfrogs
  A necrophage (D:3)
  4 scorpions
  A gnoll sergeant (D:9)
  12 killer bees
  5 howler monkeys
  3 hounds
  5 orc priests
  A jelly (D:6)
  Jessica (D:2)
  A gnoll bouda (D:4)
  4 iguanas
  8 orc wizards
  11 gnolls
  4 adders
  3 shadow imps
  An ufetubus (D:6)
  2 worms (D:2)
  5 dart slugs
  25 orcs
  6 ball pythons
  6 endoplasms
  A giant cockroach (D:1)
  7 goblins
  2 hobgoblins
  9 jackals
  5 quokkas
  5 bats
  26 kobolds
  4 rats
269 creatures vanquished.

Vanquished Creatures (collateral kills)
  2 yaks (Lair:1)
2 creatures vanquished.

Vanquished Creatures (others)
  6 fungi
  14 plants
20 creatures vanquished.

Grand Total: 291 creatures vanquished

Notes
Turn   | Place    | Note
-------+----------+-------------------------------------------
     0 | D:1      | croobank the Minotaur Fighter began the quest for the Orb.
     0 | D:1      | Reached XP level 1. HP: 19/19 MP: 0/0
   123 | D:1      | Reached XP level 2. HP: 27/27 MP: 1/1
   293 | D:1      | Found a faded altar of an unknown god.
   864 | D:2      | Reached skill level 3 in Axes
   906 | D:2      | Noticed Jessica
   914 | D:2      | Killed Jessica
   915 | D:2      | Reached XP level 3. HP: 30/33 MP: 2/2
  1187 | D:2      | Reached XP level 4. HP: 40/40 MP: 3/3
  2227 | D:3      | Noticed a necrophage
  2234 | D:3      | Killed a necrophage
  2235 | D:3      | Reached XP level 5. HP: 39/47 MP: 4/4
  2359 | D:3      | Reached skill level 4 in Axes
  2359 | D:3      | Reached skill level 1 in Invocations
  2655 | D:4      | Noticed Grinder
  2661 | D:4      | Paralysed by Grinder for 4 turns
  2671 | D:4      | Killed Grinder
  2672 | D:4      | Reached skill level 5 in Fighting
  2672 | D:4      | Reached skill level 5 in Armour
  2672 | D:4      | Reached skill level 5 in Shields
  2672 | D:4      | Reached XP level 6. HP: 41/56 MP: 4/6
  2863 | D:4      | Noticed Menkaure
  2868 | D:4      | Killed Menkaure
  2869 | D:4      | Reached XP level 7. HP: 61/61 MP: 7/7
  2928 | D:4      | Reached skill level 5 in Axes
  3346 | D:4      | Found a runed translucent door.
  3347 | D:4      | Noticed Crazy Yiuf
  3550 | D:5      | Entered Level 5 of the Dungeon
  3550 | D:5      | Found a staircase to the Ecumenical Temple.
  4045 | D:5      | Reached XP level 8. HP: 56/70 MP: 9/9
  4707 | D:5      | Reached skill level 6 in Axes
  4826 | Temple   | Entered the Ecumenical Temple
  4836 | Temple   | Became a worshipper of Qazlal Stormbringer
  5367 | D:6      | Noticed Prince Ribbit
  5374 | D:6      | Killed Prince Ribbit
  5436 | D:6      | Reached XP level 9. HP: 51/79 MP: 11/11
  5826 | D:5      | Reached skill level 7 in Axes
  6013 | D:6      | Found a sacrificial altar of Ru.
  6027 | D:6      | Reached * piety under Qazlal
  6057 | D:6      | Identified the ring of Tohuu {rN+ EV+4}
  6179 | D:6      | Noticed Maggie
  6191 | D:6      | Killed Maggie
  6192 | D:6      | Reached skill level 5 in Invocations
  7091 | D:7      | Reached skill level 8 in Axes
  7380 | D:7      | Found Sasaok's Lightly-Used Armoury.
  7391 | D:7      | Bought a -1 executioner's axe for 65 gold pieces
  7894 | D:8      | Found a staircase to the Lair.
  7913 | D:8      | Reached XP level 10. HP: 62/90 MP: 13/13
  8042 | D:8      | Reached ** piety under Qazlal
  8656 | D:8      | Found a runed translucent door.
  8656 | D:8      | Noticed Timisetechie's ghost (novice HOFi)
  8910 | D:9      | Noticed Erica
  8918 | D:9      | Killed Erica
  8919 | D:9      | Reached skill level 9 in Axes
  9251 | D:9      | Found a radiant altar of Vehumet.
  9779 | D:9      | Noticed a two-headed ogre
 10346 | D:9      | Reached skill level 10 in Axes
 10366 | D:9      | Found a snail-covered altar of Cheibriados.
 10539 | D:9      | Found an ornate altar of the Wu Jian Council.
 10723 | D:9      | Killed a two-headed ogre
 10738 | D:9      | Reached *** piety under Qazlal
 10785 | D:9      | Noticed Psyche
 10791 | D:9      | Killed Psyche
 10792 | D:9      | Reached XP level 11. HP: 74/99 MP: 15/15
 10972 | D:10     | Entered Level 10 of the Dungeon
 11168 | D:10     | Found a staircase to the Orcish Mines.
 11189 | D:10     | Reached skill level 10 in Shields
 11197 | D:10     | Reached skill level 10 in Fighting
 11203 | D:10     | Reached skill level 10 in Armour
 11473 | D:10     | Reached skill level 11 in Axes
 11483 | D:10     | Found an ancient bone altar of Kikubaaqudgha.
 12676 | D:11     | Noticed a four-headed hydra
 12685 | D:11     | Killed a one-headed hydra
 12937 | D:11     | Found a burning altar of Makhleb.
 12937 | D:11     | Noticed a blizzard demon
 13030 | D:11     | Reached **** piety under Qazlal
 13652 | D:12     | Reached skill level 12 in Axes
 14054 | D:12     | Noticed a four-headed hydra
 14065 | D:12     | Killed a two-headed hydra
 14564 | D:13     | Noticed a tengu warrior
 14564 | D:13     | Noticed a tengu warrior
 14582 | D:13     | Killed a tengu warrior
 14583 | D:13     | Reached XP level 12. HP: 96/108 MP: 17/17
 14596 | D:13     | Killed a tengu warrior
 14842 | D:13     | Noticed a two-headed ogre
 14883 | D:13     | Killed a two-headed ogre
 14996 | Lair:1   | Entered Level 1 of the Lair of Beasts
 15142 | Lair:1   | Noticed an eight-headed hydra
 15150 | Lair:1   | Noticed Gastronok
 15175 | Lair:1   | Reached skill level 13 in Axes
 15545 | Lair:1   | Got the Writings on Vapourous Malediction
 15669 | Lair:1   | Killed a one-headed hydra
 15750 | Lair:1   | HP: 2/110 [Gastronok/the air (22)]
 15751 | Lair:1   | Mangled by Gastronok

Illustrated notes

Levels and vault maps discovered:
D:1:      kennysheep_arrival_forest, layout_loops_ring,
          shapermc_ecumenical_altar_totnotflames, grunt_decor_arrowhead
D:2:      layout_basic, chequers_serial_rivers_room_a, uniq_jessica
D:3:      layout_basic, dreamdust_wishing_well, minivault_4, minmay_checkerbox
D:4:      layout_loops_ring, uniq_grinder, uniq_crazy_yiuf_cottage,
          uniq_menkaure
D:5:      layout_basic, minmay_temple_entry_statues_pillars
D:6:      layout_basic, lemuel_doored_altar, st_stairs_9, uniq_prince_ribbit1,
          uniq_maggie
D:7:      layout_gridville, minmay_shop_damaged, kennysheep_generic_room_14
D:8:      layout_basic, dpeg_oklobed_lair, hellmonk_ghost_happy_afterlife
D:9:      layout_irregular_city, mainiacjoe_overflow_paths, vehumet_crystals,
          kennysheep_slug_shrine, uniq_erica, uniq_psyche
D:10:     layout_loops_ring, lemuel_coloured_pillars_altar,
          minmay_orc_entry_guard_dogs
D:11:     layout_loops_ring, makhleb_altar_promises_db
D:12:     layout_rooms
D:13:     layout_basic, grunt_vaults_entry_tiered,
          minmay_shop_enchanted_jewellery, uniq_lodul
Temple:   nicolae_temple_bog_church
Lair:1:   layout_gridlike, basic_altar, uniq_gastronok

Skill      XL: |  1  2  3  4  5  6  7  8  9 10 11 12 |
---------------+-------------------------------------+-----
Shields        | 4 5 6 7 8 9 10 11 | 11.4
Armour         | 4 5 6 7 8 9 10 11 | 11.4
Fighting       | 4 5 6 7 8 9 10 11 | 11.4
Axes           | 3 4 5 6 8 10 12 13 | 13.3
Invocations    | 1 2 3 4 5 7 8 |  8.7

Action                   |  1- 3 |  4- 6 |  7- 9 | 10-12 || total
-------------------------+-------+-------+-------+-------++-------
Melee: War axe           |    48 |   115 |   230 |   399 ||   792
       Headbutt          |    11 |    16 |    40 |    86 ||   153
       Scimitar          |       |       |       |    56 ||    56
Throw: Throwing net      |       |     4 |     5 |       ||     9
       Dart              |       |       |     7 |     5 ||    12
       Javelin           |       |       |     1 |     2 ||     3
Invok: Upheaval          |       |       |       |     1 ||     1
       Elemental Force   |       |       |       |     1 ||     1
Evoke: Wand              |       |       |       |    36 ||    36
  Use: Scroll            |     1 |    14 |     9 |     6 ||    30
       Potion            |       |       |     3 |     6 ||     9
 Stab: Paralysed         |       |       |       |     5 ||     5
       Invisible         |       |       |       |    11 ||    11
Armor: Scale mail        |    25 |    71 |   109 |    46 ||   251
       Pearl dragon scal |       |       |       |   196 ||   196
Dodge: Dodged            |    24 |    46 |   108 |   192 ||   370
Block: Buckler           |    13 |    21 |    90 |   276 ||   400
